Ice Dragons vs Patriotes
Created - 17 mars 2015 at 19:12
Goals
|
| Ice Dragons |
1 |
1 |
1 |
3 |
| Patriotes |
1 |
0 |
1 |
2 |
|
Shots
|
| Ice Dragons |
7 |
13 |
10 |
30 |
| Patriotes |
14 |
14 |
8 |
36 |
|
1st period
1. Patriotes , Fedor Fedorov 32 (Dwight King, Tyler Myers) at 9:19
2. Ice Dragons , Patrick O'Sullivan 16 (Kevin Klein, Shean Donovan) at 17:46
Penalties :
Kris Beech (Kin) for Tripping (Minor) at 3:30, Joe Callahan (Kin) for Hooking (Minor) at 12:09, Marc-Antoine Pouliot (Kin) for Tripping (Minor) at 18:52
2nd period
3. Ice Dragons , Jeff Tambellini 45 (Tomas Kudelka, Joe Callahan) at 15:27
Penalties :
Tyler Eckford (Kin) for Slashing (Minor) at 1:14
3rd period
4. Patriotes , Zack Stortini 5 (Joakim Andersson, Andreas Nodl) at 2:45
5. Ice Dragons , Alexander Radulov 19 (Jeff Tambellini, Patrick O'Sullivan) at 3:36
Penalties :
Jonathan Blum (Kin) for High sticking (Minor) at 3:43, Ryan Wilson (Nyc) for High sticking (Minor) at 6:28, Tomas Kudelka (Kin) for Cross-checking (Minor) at 8:52, Andreas Nodl (Nyc) for Slashing (Minor) at 16:37
Goalie Stats
Justin Pogge (Kin), 34 saves from 36 shots - (0,944), W, 22-11-7, 60:00 minutes
Joey MacDonald (Nyc), 27 saves from 30 shots - (0,900), L, 30-24-3, 59:05 minutes
Players Stats for Ice Dragons
Player Name G A P +/- PIM S H SB GA TA FO MP PP MP PK MP
------------------------------------------------------------------------------------
Alexander Radulov 1 0 1 2 0 4 0 0 0 0 0/0 15:27 2:15 0:00
Alexander Urbom 0 0 0 0 0 0 0 0 0 0 0/0 0:34 0:00 0:00
Bryan Bickell 0 0 0 -1 0 0 1 0 0 0 0/0 13:11 0:00 1:44
Cal Clutterbuck 0 0 0 0 0 5 1 0 0 0 0/0 16:22 1:43 3:44
Danny Syvret 0 0 0 -1 0 0 1 0 0 0 0/0 12:27 1:11 5:05
Jeff Tambellini 1 1 2 2 0 3 3 1 0 0 1/2 19:11 2:15 3:44
Joe Callahan 0 1 1 0 2 2 4 3 2 2 0/0 27:02 2:47 5:35
John Mitchell 0 0 0 -1 0 1 1 1 1 1 1/2 12:06 0:00 1:42
Jonathan Blum 0 0 0 2 2 1 2 0 0 0 0/0 23:03 1:11 2:17
Kevin Klein 0 1 1 1 0 0 1 0 0 1 0/0 25:04 2:02 6:49
Kris Beech 0 0 0 0 2 1 2 0 0 0 3/8 14:09 1:43 0:00
Marc-Antoine Pouliot 0 0 0 0 2 1 0 0 0 0 0/2 7:32 0:00 0:00
Nigel Dawes 0 0 0 0 0 2 3 0 1 0 0/0 10:57 0:00 0:00
Oskar Osala 0 0 0 0 0 0 2 1 0 0 0/0 16:30 1:43 6:26
Patrick O'Sullivan 1 1 2 2 0 5 1 0 0 1 10/27 15:27 2:15 0:00
Paul Bissonnette 0 0 0 0 0 0 0 0 0 0 0/0 0:00 0:00 0:00
Raymond Sawada 0 0 0 0 0 0 0 0 0 0 0/0 0:19 0:00 0:00
Ryan Reaves 0 0 0 0 0 0 0 0 0 0 0/0 0:00 0:00 0:00
Samuel Groulx 0 0 0 0 0 0 0 0 0 0 0/0 0:00 0:00 0:00
Shean Donovan 0 1 1 0 0 3 1 0 1 0 4/13 15:46 0:00 6:28
Tomas Kudelka 0 1 1 1 2 1 1 0 1 0 0/0 11:50 0:45 0:00
Tony Lucia 0 0 0 0 0 0 0 0 0 0 0/0 0:00 0:00 0:00
Troy Brouwer 0 0 0 -1 0 1 0 0 2 0 0/0 10:23 0:00 0:00
Tyler Eckford 0 0 0 -1 2 0 1 1 0 0 0/0 20:40 0:00 4:02
Tyler Haskins 0 0 0 0 0 0 0 0 0 0 0/0 0:00 0:00 0:00
Players Stats for Patriotes
Player Name G A P +/- PIM S H SB GA TA FO MP PP MP PK MP
------------------------------------------------------------------------------------
Andreas Nodl 0 1 1 1 2 5 0 0 1 0 1/1 24:51 6:28 1:04
Andrew Gordon 0 0 0 -2 0 6 3 1 1 0 0/0 20:06 4:56 2:07
Brett Skinner 0 0 0 0 0 3 3 1 0 2 0/0 28:20 6:57 1:53
Christian Hanson 0 0 0 -2 0 0 0 0 0 2 8/15 19:03 4:56 1:06
Cory Emmerton 0 0 0 0 0 3 1 0 0 0 21/29 18:52 6:29 0:12
Dwight King 0 1 1 -2 0 4 3 1 0 0 0/0 17:36 4:56 0:00
Fedor Fedorov 1 0 1 0 0 3 0 1 0 0 1/1 20:50 6:30 1:25
Jared Staal 0 0 0 0 0 0 1 0 0 0 0/0 0:27 0:00 0:00
Joakim Andersson 0 1 1 1 0 0 0 1 0 1 1/2 7:58 0:00 0:00
Joe Charlebois 0 0 0 -2 0 0 2 2 0 0 0/0 20:05 4:57 2:18
Lauri Tukonen 0 0 0 0 0 1 0 0 0 0 0/0 11:50 0:40 0:00
Liam Reddox 0 0 0 0 0 1 1 0 0 0 0/0 11:40 0:00 0:26
Mathieu Brodeur 0 0 0 1 0 0 1 0 0 1 0/0 12:51 0:00 0:58
Nigel Williams 0 0 0 1 0 0 0 0 0 1 0/0 11:15 0:00 0:00
Patrice Cormier 0 0 0 0 0 4 1 1 0 0 3/4 12:14 0:29 0:19
Ryan Wilson 0 0 0 -2 2 3 0 2 1 0 0/0 18:48 4:57 1:07
Tyler Myers 0 1 1 0 0 1 1 0 1 1 0/0 28:56 6:57 1:40
Zack Stortini 1 0 1 1 0 2 1 0 1 0 0/2 10:18 0:18 1:17
3 Stars
1 - Jeff Tambellini (Kin)
2 - Patrick O'Sullivan (Kin)
3 - Alexander Radulov (Kin)
Power Play
Ice Dragons - 0 on 2 Attempt(s) - 0,00%
Patriotes - 0 on 6 Attempt(s) - 0,00%
Penalty Kill
Ice Dragons - 6 on 6 Attempt(s) - 100,00%
- Score 0 goal in Penalty Kill
Patriotes - 2 on 2 Attempt(s) - 100,00%
- Score 0 goal in Penalty Kill
Team Stat
Ice Dragons - Hits : 25 - Faceoff Wins : 19 - Blocked Shots : 7 - Penalty Minutes : 12
Patriotes - Hits : 18 - Faceoff Wins : 35 - Blocked Shots : 10 - Penalty Minutes : 4
Official
Referees : Auger Stephane and Morton Dean
Linesman : Lonnie Cameron and David Brisebois
Game Notes
No Game Note
Finance
Level 1 -- Attendance: 1556 (77,80%) -- Ticket Income 54 460 $
Level 2 -- Attendance: 786 (78,60%) -- Ticket Income 11 790 $
Total Attendance: 2342 (78,07%)
Total Ticket Income: 66 250 $
Other Income: 3 312 $
Total Income: 69 562 $
Ice Dragons
5 vs 5 Forward
Center Left Wing Right Wing Time % Phy DF OF
1 Patrick O'Sullivan Jeff Tambellini Alexander Radulov 40 0 2 3
2 Kris Beech Nigel Dawes Cal Clutterbuck 30 0 2 3
3 Marc-Antoine Pouliot Oskar Osala Shean Donovan 20 0 2 3
4 John Mitchell Troy Brouwer Bryan Bickell 10 1 3 1
5 vs 5 Defense
Defense Defense Time % Phy DF OF
1 Kevin Klein Jonathan Blum 40 0 2 3
2 Joe Callahan Tyler Eckford 30 0 2 3
3 Jonathan Blum Tomas Kudelka 20 1 3 1
4 Joe Callahan Tomas Kudelka 10 1 3 1
PowerPlay Forward
Center Left Wing Right Wing Time % Phy DF OF
1 Patrick O'Sullivan Jeff Tambellini Alexander Radulov 60 1 1 3
2 Kris Beech Oskar Osala Cal Clutterbuck 40 1 1 3
PowerPlay Defense
Defense Defense Time % Phy DF OF
1 Joe Callahan Kevin Klein 60 0 2 3
2 Danny Syvret Jonathan Blum 40 0 2 3
Penalty Kill 4 Players Forward
Center Wing Time % Phy DF OF
1 Shean Donovan Oskar Osala 60 1 4 0
2 Jeff Tambellini Cal Clutterbuck 40 1 4 0
Penalty Kill 4 Players Defense
Defense Defense Time % Phy DF OF
1 Joe Callahan Kevin Klein 60 1 4 0
2 Danny Syvret Tyler Eckford 40 1 4 0
Penalty Kill - 3 Players Forward
Forward Time % Phy DF OF
1 Shean Donovan 60 1 4 0
2 Cal Clutterbuck 40 1 4 0
Penalty Kill - 3 Players Defense
Defense Defense Time % Phy DF OF
1 Joe Callahan Kevin Klein 60 0 5 0
2 Danny Syvret Tyler Eckford 40 0 5 0
4 vs 4 Forward
Center Wing Time % Phy DF OF
1 Kris Beech Oskar Osala 60 0 2 3
2 John Mitchell Troy Brouwer 40 1 2 2
4 vs 4 Defense
Defense Defense Time % Phy DF OF
1 Tyler Eckford Kevin Klein 60 0 2 3
2 Danny Syvret Jonathan Blum 40 0 3 2
Last Minutes Offensive
Center Left Wing Right Wing Defense Defense
Patrick O'Sullivan Jeff Tambellini Alexander Radulov Joe Callahan Kevin Klein
Last Minutes Defensive
Center Left Wing Right Wing Defense Defense
Kris Beech Jeff Tambellini Shean Donovan Joe Callahan Kevin Klein
Goaltenders
Starting : Justin Pogge
Backup : Todd Ford
Extra Forwards
Normal : Kris Beech, Cal Clutterbuck, Troy Brouwer - PP : Kris Beech, Cal Clutterbuck - PK : Oskar Osala
Extra Defensemen
Normal : Jonathan Blum, Tyler Eckford, Danny Syvret - PP : Tomas Kudelka - PK : Jonathan Blum, Tyler Eckford
Penalty Shots
Nigel Dawes, Jeff Tambellini, Alexander Radulov, Troy Brouwer, Cal Clutterbuck
Patriotes
5 vs 5 Forward
Center Left Wing Right Wing Time % Phy DF OF
1 Cory Emmerton Fedor Fedorov Andreas Nodl 40 1 2 2
2 Christian Hanson Dwight King Andrew Gordon 30 1 2 2
3 Patrice Cormier Liam Reddox Lauri Tukonen 20 1 2 2
4 Joakim Andersson Andreas Nodl Zack Stortini 10 1 2 2
5 vs 5 Defense
Defense Defense Time % Phy DF OF
1 Brett Skinner Tyler Myers 40 1 2 2
2 Ryan Wilson Joe Charlebois 30 1 2 2
3 Nigel Williams Mathieu Brodeur 20 1 2 2
4 Brett Skinner Tyler Myers 10 1 2 2
PowerPlay Forward
Center Left Wing Right Wing Time % Phy DF OF
1 Cory Emmerton Fedor Fedorov Andreas Nodl 60 1 2 2
2 Christian Hanson Dwight King Andrew Gordon 40 1 2 2
PowerPlay Defense
Defense Defense Time % Phy DF OF
1 Brett Skinner Tyler Myers 60 1 2 2
2 Ryan Wilson Joe Charlebois 40 1 2 2
Penalty Kill 4 Players Forward
Center Wing Time % Phy DF OF
1 Andreas Nodl Andrew Gordon 60 1 2 2
2 Fedor Fedorov Cory Emmerton 40 1 2 2
Penalty Kill 4 Players Defense
Defense Defense Time % Phy DF OF
1 Brett Skinner Tyler Myers 60 1 2 2
2 Ryan Wilson Joe Charlebois 40 1 2 2
Penalty Kill - 3 Players Forward
Forward Time % Phy DF OF
1 Andreas Nodl 60 1 2 2
2 Andrew Gordon 40 1 2 2
Penalty Kill - 3 Players Defense
Defense Defense Time % Phy DF OF
1 Brett Skinner Tyler Myers 60 1 2 2
2 Ryan Wilson Joe Charlebois 40 1 2 2
4 vs 4 Forward
Center Wing Time % Phy DF OF
1 Andreas Nodl Andrew Gordon 60 1 2 2
2 Fedor Fedorov Cory Emmerton 40 1 2 2
4 vs 4 Defense
Defense Defense Time % Phy DF OF
1 Brett Skinner Tyler Myers 60 1 2 2
2 Ryan Wilson Joe Charlebois 40 1 2 2
Last Minutes Offensive
Center Left Wing Right Wing Defense Defense
Cory Emmerton Fedor Fedorov Andreas Nodl Brett Skinner Tyler Myers
Last Minutes Defensive
Center Left Wing Right Wing Defense Defense
Cory Emmerton Fedor Fedorov Andreas Nodl Brett Skinner Tyler Myers
Goaltenders
Starting : Joey MacDonald
Backup : Marek Schwarz
Extra Forwards
Normal : Lauri Tukonen, Patrice Cormier, Zack Stortini - PP : Lauri Tukonen, Patrice Cormier - PK : Zack Stortini
Extra Defensemen
Normal : Nigel Williams, Mathieu Brodeur, Ryan Wilson - PP : Nigel Williams - PK : Mathieu Brodeur, Ryan Wilson
Penalty Shots
Andreas Nodl, Andrew Gordon, Fedor Fedorov, Cory Emmerton, Christian Hanson
% Time on Ice - Ice Dragons
Lines # - Real PCT - Wanted PCT - Time Play
Normal Forward
1 - 34% - 40% - 14:27
2 - 26% - 30% - 11:14
3 - 18% - 20% - 7:33
4 - 23% - 10% - 9:53
Normal Defense
1 - 38% - 40% - 16:13
2 - 37% - 30% - 15:55
3 - 12% - 20% - 5:20
4 - 13% - 10% - 5:39
PP Forward
1 - 57% - 60% - 2:15
2 - 43% - 40% - 1:43
PP Defense
1 - 70% - 60% - 2:47
2 - 30% - 40% - 1:11
PK Forward
1 - 69% - 60% - 8:10
2 - 31% - 40% - 3:44
PK Defense
1 - 57% - 60% - 6:49
2 - 43% - 40% - 5:05
PK3 Forward
1 - 0% - 60%
2 - 0% - 40%
PK3 Defense
1 - 0% - 60%
2 - 0% - 40%
44 Forward
1 - 0% - 60%
2 - 0% - 40%
44 Defense
1 - 0% - 60%
2 - 0% - 40%
Last Minute Offensive - 0:00
Last Minute Defensive - 1:01
Total
Forward - 60:00
Defense - 60:00
|
% Time on Ice - Patriotes
Lines # - Real PCT - Wanted PCT - Time Play
Normal Forward
1 - 27% - 40% - 11:45
2 - 30% - 30% - 13:01
3 - 24% - 20% - 10:24
4 - 18% - 10% - 7:58
Normal Defense
1 - 41% - 40% - 17:36
2 - 30% - 30% - 12:45
3 - 25% - 20% - 10:47
4 - 5% - 10% - 2:00
PP Forward
1 - 59% - 60% - 6:58
2 - 41% - 40% - 4:56
PP Defense
1 - 58% - 60% - 6:57
2 - 42% - 40% - 4:57
PK Forward
1 - 95% - 60% - 3:46
2 - 5% - 40% - 0:12
PK Defense
1 - 42% - 60% - 1:40
2 - 58% - 40% - 2:18
PK3 Forward
1 - 0% - 60%
2 - 0% - 40%
PK3 Defense
1 - 0% - 60%
2 - 0% - 40%
44 Forward
1 - 0% - 60%
2 - 0% - 40%
44 Defense
1 - 0% - 60%
2 - 0% - 40%
Last Minute Offensive - 1:00
Last Minute Defensive - 0:00
Total
Forward - 60:00
Defense - 60:00
|
Play by Play
1st period
0:01 of 1st period - Fedor Fedorov wins face-off versus Patrick O'Sullivan in neutral zone.
0:48 of 1st period - Patrice Cormier is hit by Joe Callahan and loses puck.
0:53 of 1st period - Snap shot by Troy Brouwer.
0:53 of 1st period - Shot Misses the Net.
0:55 of 1st period - Snap shot by John Mitchell.
0:55 of 1st period - Shot Blocked by Brett Skinner.
0:57 of 1st period - Slapshot by Joe Callahan.
0:57 of 1st period - Stopped by Joey MacDonald with a rebound.
0:59 of 1st period - Snap shot by Troy Brouwer.
0:59 of 1st period - Stopped by Joey MacDonald with a rebound.
1:37 of 1st period - Brett Skinner is hit by Tomas Kudelka and loses puck.
1:50 of 1st period - Snap shot by Andrew Gordon.
1:50 of 1st period - Shot Blocked by Joe Callahan.
1:52 of 1st period - Slapshot by Brett Skinner.
1:52 of 1st period - Stopped by Justin Pogge with a rebound.
1:58 of 1st period - Wrist shot by Christian Hanson.
1:58 of 1st period - Shot Misses the Net.
2:12 of 1st period - Snap shot by John Mitchell.
2:12 of 1st period - Shot Blocked by Ryan Wilson.
2:18 of 1st period - Bryan Bickell is hit by Liam Reddox and loses puck.
2:43 of 1st period - Snap shot by Patrick O'Sullivan.
2:43 of 1st period - Stopped by Joey MacDonald without a rebound.
2:44 of 1st period - Christian Hanson wins face-off versus Patrick O'Sullivan in Patriotes zone.
2:49 of 1st period - Snap shot by Andrew Gordon.
2:49 of 1st period - Stopped by Justin Pogge without a rebound.
2:50 of 1st period - Patrick O'Sullivan wins face-off versus Christian Hanson in Ice Dragons zone.
3:30 of 1st period - Minor Penalty to Kris Beech for Tripping.
3:31 of 1st period - Cory Emmerton wins face-off versus Shean Donovan in Ice Dragons zone.
3:34 of 1st period - Slapshot by Fedor Fedorov.
3:34 of 1st period - Shot Blocked by Oskar Osala.
3:36 of 1st period - Wrist shot by Andreas Nodl.
3:36 of 1st period - Shot Misses the Net.
3:38 of 1st period - Snap shot by Andreas Nodl.
3:38 of 1st period - Stopped by Justin Pogge with a rebound.
3:40 of 1st period - Wrist shot by Fedor Fedorov.
3:40 of 1st period - Stopped by Justin Pogge without a rebound.
3:41 of 1st period - Cory Emmerton wins face-off versus Shean Donovan in Ice Dragons zone.
3:56 of 1st period - Snap shot by Cory Emmerton.
3:56 of 1st period - Stopped by Justin Pogge without a rebound.
3:57 of 1st period - Christian Hanson wins face-off versus Shean Donovan in Ice Dragons zone.
5:30 of 1st period - Penalty to Kris Beech is over, Kris Beech is back on ice.
7:25 of 1st period - Tomas Kudelka is hit by Joe Charlebois.
8:48 of 1st period - Icing by Brett Skinner.
8:49 of 1st period - Christian Hanson wins face-off versus Kris Beech in Patriotes zone.
8:51 of 1st period - Icing by Dwight King.
8:52 of 1st period - Kris Beech wins face-off versus Christian Hanson in Patriotes zone.
9:17 of 1st period - Snap shot by Dwight King.
9:17 of 1st period - Stopped by Justin Pogge with a rebound.
9:19 of 1st period - Snap shot by Fedor Fedorov.
9:19 of 1st period - Goal by Fedor Fedorov - Ice Dragons : 0 - Patriotes : 1.
9:20 of 1st period - Cory Emmerton wins face-off versus Patrick O'Sullivan in neutral zone.
9:23 of 1st period - Wrist shot by Andreas Nodl.
9:23 of 1st period - Shot Blocked by Jeff Tambellini.
9:25 of 1st period - Snap shot by Joe Charlebois.
9:25 of 1st period - Shot Misses the Net.
9:27 of 1st period - Slapshot by Andreas Nodl.
9:27 of 1st period - Stopped by Justin Pogge with a rebound.
9:29 of 1st period - Slapshot by Ryan Wilson.
9:29 of 1st period - Stopped by Justin Pogge with a rebound.
9:31 of 1st period - Snap shot by Cory Emmerton.
9:31 of 1st period - Stopped by Justin Pogge without a rebound.
9:32 of 1st period - Cory Emmerton wins face-off versus Patrick O'Sullivan in Ice Dragons zone.
9:57 of 1st period - Slapshot by Ryan Wilson.
9:57 of 1st period - Deflect By Alexander Radulov.
9:57 of 1st period - Stopped by Justin Pogge with a rebound.
10:21 of 1st period - Snap shot by Patrick O'Sullivan.
10:21 of 1st period - Stopped by Joey MacDonald without a rebound.
10:22 of 1st period - Cory Emmerton wins face-off versus Marc-Antoine Pouliot in Patriotes zone.
10:27 of 1st period - Oskar Osala is hit by Brett Skinner and loses puck.
10:48 of 1st period - Tyler Eckford is hit by Dwight King and loses puck.
10:57 of 1st period - Slapshot by Dwight King.
10:57 of 1st period - Shot Blocked by Tyler Eckford.
11:03 of 1st period - Dwight King is hit by Joe Callahan and loses puck.
11:20 of 1st period - Snap shot by Lauri Tukonen.
11:20 of 1st period - Stopped by Justin Pogge with a rebound.
11:26 of 1st period - Liam Reddox is hit by John Mitchell and loses puck.
11:47 of 1st period - Wrist shot by Cory Emmerton.
11:47 of 1st period - Stopped by Justin Pogge without a rebound.
11:48 of 1st period - Kris Beech wins face-off versus Cory Emmerton in Ice Dragons zone.
12:09 of 1st period - Minor Penalty to Joe Callahan for Hooking.
12:10 of 1st period - Cory Emmerton wins face-off versus Shean Donovan in Ice Dragons zone.
12:55 of 1st period - Tyler Eckford is hit by Joe Charlebois and loses puck.
13:52 of 1st period - Cory Emmerton is hit by Jonathan Blum.
14:09 of 1st period - Penalty to Joe Callahan is over, Joe Callahan is back on ice.
14:16 of 1st period - Alexander Radulov is hit by Patrice Cormier and loses puck.
15:32 of 1st period - Andrew Gordon is hit by Kevin Klein and loses puck.
15:45 of 1st period - Wrist shot by Patrick O'Sullivan.
15:45 of 1st period - Shot Misses the Net.
16:19 of 1st period - Wrist shot by Oskar Osala.
16:19 of 1st period - Deflect By Shean Donovan.
16:19 of 1st period - Shot Misses the Net.
16:19 of 1st period - Puck is out of play.
16:20 of 1st period - Joakim Andersson wins face-off versus Shean Donovan in Patriotes zone.
17:14 of 1st period - Andrew Gordon is hit by Shean Donovan.
17:40 of 1st period - Snap shot by Shean Donovan.
17:40 of 1st period - Stopped by Joey MacDonald with a rebound.
17:42 of 1st period - Slapshot by Kevin Klein.
17:42 of 1st period - Shot Blocked by Andrew Gordon.
17:44 of 1st period - Slapshot by Kevin Klein.
17:44 of 1st period - Shot Misses the Net.
17:46 of 1st period - Slapshot by Patrick O'Sullivan.
17:46 of 1st period - Goal by Patrick O'Sullivan - Ice Dragons : 1 - Patriotes : 1.
17:47 of 1st period - Cory Emmerton wins face-off versus Patrick O'Sullivan in neutral zone.
17:51 of 1st period - Wrist shot by Andreas Nodl.
17:51 of 1st period - Stopped by Justin Pogge without a rebound.
17:52 of 1st period - Jeff Tambellini wins face-off versus Cory Emmerton in Ice Dragons zone.
18:19 of 1st period - Christian Hanson is hit by Nigel Dawes and loses puck.
18:46 of 1st period - Snap shot by Liam Reddox.
18:46 of 1st period - Shot Misses the Net.
18:52 of 1st period - Minor Penalty to Marc-Antoine Pouliot for Tripping.
18:53 of 1st period - Shean Donovan wins face-off versus Cory Emmerton in Ice Dragons zone.
19:04 of 1st period - Snap shot by Shean Donovan.
19:04 of 1st period - Stopped by Joey MacDonald with a rebound.
19:06 of 1st period - Wrist shot by Oskar Osala.
19:06 of 1st period - Shot Blocked by Fedor Fedorov.
19:36 of 1st period - Brett Skinner is hit by Joe Callahan and loses puck.
Goals for this period are 1 for Ice Dragons vs 1 for Patriotes.
Shots for this period are 7 for Ice Dragons vs 14 for Patriotes.
2nd period
0:01 of 2nd period - Cory Emmerton wins face-off versus Shean Donovan in neutral zone.
0:04 of 2nd period - Slapshot by Brett Skinner.
0:04 of 2nd period - Stopped by Justin Pogge with a rebound.
0:08 of 2nd period - Snap shot by Andreas Nodl.
0:08 of 2nd period - Stopped by Justin Pogge without a rebound.
0:09 of 2nd period - Cory Emmerton wins face-off versus Shean Donovan in Ice Dragons zone.
0:10 of 2nd period - Slapshot by Fedor Fedorov.
0:10 of 2nd period - Shot Blocked by Joe Callahan.
0:12 of 2nd period - Slapshot by Tyler Myers.
0:12 of 2nd period - Stopped by Justin Pogge with a rebound.
0:14 of 2nd period - Wrist shot by Fedor Fedorov.
0:14 of 2nd period - Stopped by Justin Pogge without a rebound.
0:15 of 2nd period - Shean Donovan wins face-off versus Cory Emmerton in Ice Dragons zone.
0:41 of 2nd period - Cory Emmerton is hit by Jeff Tambellini and loses puck.
0:52 of 2nd period - Penalty to Marc-Antoine Pouliot is over, Marc-Antoine Pouliot is back on ice.
1:12 of 2nd period - Wrist shot by Andreas Nodl.
1:12 of 2nd period - Shot Misses the Net.
1:14 of 2nd period - Minor Penalty to Tyler Eckford for Slashing.
1:15 of 2nd period - Shean Donovan wins face-off versus Christian Hanson in Ice Dragons zone.
3:14 of 2nd period - Penalty to Tyler Eckford is over, Tyler Eckford is back on ice.
3:16 of 2nd period - Wrist shot by John Mitchell.
3:16 of 2nd period - Stopped by Joey MacDonald without a rebound.
3:17 of 2nd period - Patrice Cormier wins face-off versus Patrick O'Sullivan in Patriotes zone.
3:29 of 2nd period - Slapshot by Alexander Radulov.
3:29 of 2nd period - Shot Blocked by Joakim Andersson.
3:56 of 2nd period - Icing by Tomas Kudelka.
3:57 of 2nd period - John Mitchell wins face-off versus Joakim Andersson in Ice Dragons zone.
4:07 of 2nd period - Wrist shot by Jeff Tambellini.
4:07 of 2nd period - Shot Blocked by Joe Charlebois.
4:23 of 2nd period - Snap shot by Cal Clutterbuck.
4:23 of 2nd period - Stopped by Joey MacDonald with a rebound.
4:33 of 2nd period - Snap shot by Nigel Dawes.
4:33 of 2nd period - Shot Misses the Net.
5:08 of 2nd period - Snap shot by Andrew Gordon.
5:08 of 2nd period - Shot Blocked by Joe Callahan.
5:14 of 2nd period - Slapshot by Andrew Gordon.
5:14 of 2nd period - Deflect By Dwight King.
5:14 of 2nd period - Stopped by Justin Pogge with a rebound.
5:16 of 2nd period - Wrist shot by Andrew Gordon.
5:16 of 2nd period - Stopped by Justin Pogge with a rebound.
5:18 of 2nd period - Snap shot by Andrew Gordon.
5:18 of 2nd period - Stopped by Justin Pogge with a rebound.
5:20 of 2nd period - Slapshot by Brett Skinner.
5:20 of 2nd period - Shot Misses the Net.
5:22 of 2nd period - Slapshot by Andrew Gordon.
5:22 of 2nd period - Shot Misses the Net.
5:40 of 2nd period - Wrist shot by Andrew Gordon.
5:40 of 2nd period - Shot Misses the Net.
5:42 of 2nd period - Slapshot by Brett Skinner.
5:42 of 2nd period - Stopped by Justin Pogge with a rebound.
5:44 of 2nd period - Snap shot by Andrew Gordon.
5:44 of 2nd period - Stopped by Justin Pogge with a rebound.
5:46 of 2nd period - Wrist shot by Dwight King.
5:46 of 2nd period - Shot Blocked by John Mitchell.
6:14 of 2nd period - Tyler Eckford is hit by Andrew Gordon and loses puck.
6:25 of 2nd period - Wrist shot by Dwight King.
6:25 of 2nd period - Stopped by Justin Pogge with a rebound.
6:27 of 2nd period - Snap shot by Dwight King.
6:27 of 2nd period - Stopped by Justin Pogge with a rebound.
7:40 of 2nd period - Icing by Tyler Myers.
7:41 of 2nd period - Christian Hanson wins face-off versus Patrick O'Sullivan in Patriotes zone.
7:46 of 2nd period - Andrew Gordon is hit by Patrick O'Sullivan and loses puck.
7:56 of 2nd period - Off-side.
7:57 of 2nd period - Cory Emmerton wins face-off versus Kris Beech in neutral zone.
8:08 of 2nd period - Slapshot by Nigel Dawes.
8:08 of 2nd period - Stopped by Joey MacDonald without a rebound.
8:09 of 2nd period - Cory Emmerton wins face-off versus Patrick O'Sullivan in Patriotes zone.
8:13 of 2nd period - Icing by Ryan Wilson.
8:14 of 2nd period - Cory Emmerton wins face-off versus Jeff Tambellini in Patriotes zone.
8:19 of 2nd period - Alexander Radulov is hit by Cory Emmerton.
8:43 of 2nd period - Slapshot by Lauri Tukonen.
8:43 of 2nd period - Shot Misses the Net.
8:49 of 2nd period - Slapshot by Ryan Wilson.
8:49 of 2nd period - Shot Misses the Net.
9:12 of 2nd period - Snap shot by Shean Donovan.
9:12 of 2nd period - Deflect By Marc-Antoine Pouliot.
9:12 of 2nd period - Stopped by Joey MacDonald without a rebound.
9:13 of 2nd period - Patrick O'Sullivan wins face-off versus Patrice Cormier in Patriotes zone.
9:28 of 2nd period - Snap shot by Alexander Radulov.
9:28 of 2nd period - Shot Misses the Net.
10:16 of 2nd period - Brett Skinner is hit by Jeff Tambellini and loses puck.
12:12 of 2nd period - Tyler Myers is hit by Nigel Dawes and loses puck.
12:29 of 2nd period - Kevin Klein is hit by Jared Staal and loses puck.
12:48 of 2nd period - Snap shot by Cal Clutterbuck.
12:48 of 2nd period - Shot Misses the Net.
14:11 of 2nd period - Icing by Oskar Osala.
14:12 of 2nd period - Cory Emmerton wins face-off versus Kris Beech in Ice Dragons zone.
14:27 of 2nd period - Backhand shot by Alexander Radulov.
14:27 of 2nd period - Stopped by Joey MacDonald without a rebound.
14:28 of 2nd period - Patrick O'Sullivan wins face-off versus Christian Hanson in Patriotes zone.
14:31 of 2nd period - Snap shot by Jeff Tambellini.
14:31 of 2nd period - Shot Misses the Net.
14:33 of 2nd period - Wrist shot by Alexander Radulov.
14:33 of 2nd period - Shot Blocked by Dwight King.
14:37 of 2nd period - Wrist shot by Patrick O'Sullivan.
14:37 of 2nd period - Stopped by Joey MacDonald with a rebound.
14:39 of 2nd period - Slapshot by Jonathan Blum.
14:39 of 2nd period - Stopped by Joey MacDonald with a rebound.
14:53 of 2nd period - Cory Emmerton is hit by Cal Clutterbuck and loses puck.
15:02 of 2nd period - Snap shot by Cal Clutterbuck.
15:02 of 2nd period - Stopped by Joey MacDonald without a rebound.
15:03 of 2nd period - Cory Emmerton wins face-off versus Patrick O'Sullivan in Patriotes zone.
15:10 of 2nd period - Wrist shot by Jeff Tambellini.
15:10 of 2nd period - Deflect By Alexander Radulov.
15:10 of 2nd period - Shot Misses the Net.
15:10 of 2nd period - Puck is out of play.
15:11 of 2nd period - Cory Emmerton wins face-off versus Patrick O'Sullivan in Patriotes zone.
15:23 of 2nd period - Wrist shot by Jeff Tambellini.
15:23 of 2nd period - Shot Blocked by Joe Charlebois.
15:25 of 2nd period - Slapshot by Tomas Kudelka.
15:25 of 2nd period - Stopped by Joey MacDonald with a rebound.
15:27 of 2nd period - Slapshot by Jeff Tambellini.
15:27 of 2nd period - Goal by Jeff Tambellini - Ice Dragons : 2 - Patriotes : 1.
15:28 of 2nd period - Patrick O'Sullivan wins face-off versus Cory Emmerton in neutral zone.
15:55 of 2nd period - Kevin Klein is hit by Brett Skinner and loses puck.
16:19 of 2nd period - Slapshot by Joe Callahan.
16:19 of 2nd period - Stopped by Joey MacDonald without a rebound.
16:20 of 2nd period - Christian Hanson wins face-off versus Marc-Antoine Pouliot in Patriotes zone.
16:25 of 2nd period - Oskar Osala is hit by Andrew Gordon and loses puck.
17:22 of 2nd period - Cory Emmerton is hit by Nigel Dawes and loses puck.
17:56 of 2nd period - Snap shot by Ryan Wilson.
17:56 of 2nd period - Stopped by Justin Pogge with a rebound.
17:58 of 2nd period - Snap shot by Zack Stortini.
17:58 of 2nd period - Stopped by Justin Pogge with a rebound.
18:00 of 2nd period - Wrist shot by Andreas Nodl.
18:00 of 2nd period - Stopped by Justin Pogge with a rebound.
18:07 of 2nd period - Icing by Kevin Klein.
18:08 of 2nd period - Cory Emmerton wins face-off versus John Mitchell in Ice Dragons zone.
18:52 of 2nd period - Snap shot by Cal Clutterbuck.
18:52 of 2nd period - Stopped by Joey MacDonald without a rebound.
18:53 of 2nd period - Cory Emmerton wins face-off versus Patrick O'Sullivan in Patriotes zone.
18:57 of 2nd period - Off-side.
18:58 of 2nd period - Patrick O'Sullivan wins face-off versus Cory Emmerton in neutral zone.
19:05 of 2nd period - Snap shot by Jeff Tambellini.
19:05 of 2nd period - Stopped by Joey MacDonald with a rebound.
19:11 of 2nd period - Wrist shot by Cory Emmerton.
19:11 of 2nd period - Shot Misses the Net.
19:55 of 2nd period - Patrice Cormier is hit by Jonathan Blum and loses puck.
Goals for this period are 1 for Ice Dragons vs 0 for Patriotes.
Shots for this period are 13 for Ice Dragons vs 14 for Patriotes.
3rd period
0:01 of 3rd period - Patrick O'Sullivan wins face-off versus Cory Emmerton in neutral zone.
0:25 of 3rd period - Nigel Dawes is hit by Brett Skinner and loses puck.
1:17 of 3rd period - Joe Callahan is hit by Mathieu Brodeur and loses puck.
2:45 of 3rd period - Slapshot by Joakim Andersson.
2:45 of 3rd period - Deflect By Zack Stortini.
2:45 of 3rd period - Goal by Zack Stortini - Ice Dragons : 2 - Patriotes : 2.
2:46 of 3rd period - Christian Hanson wins face-off versus Patrick O'Sullivan in neutral zone.
2:55 of 3rd period - Snap shot by Christian Hanson.
2:55 of 3rd period - Shot Hit the Post.
2:57 of 3rd period - Snap shot by Andrew Gordon.
2:57 of 3rd period - Stopped by Justin Pogge without a rebound.
2:58 of 3rd period - Christian Hanson wins face-off versus Patrick O'Sullivan in Ice Dragons zone.
3:07 of 3rd period - Patrick O'Sullivan is hit by Andrew Gordon and loses puck.
3:14 of 3rd period - Wrist shot by Andrew Gordon.
3:14 of 3rd period - Stopped by Justin Pogge without a rebound.
3:15 of 3rd period - Patrice Cormier wins face-off versus Kris Beech in Ice Dragons zone.
3:20 of 3rd period - Snap shot by Patrice Cormier.
3:20 of 3rd period - Stopped by Justin Pogge with a rebound.
3:22 of 3rd period - Snap shot by Patrice Cormier.
3:22 of 3rd period - Stopped by Justin Pogge with a rebound.
3:24 of 3rd period - Slapshot by Tyler Myers.
3:24 of 3rd period - Deflect By Patrice Cormier.
3:24 of 3rd period - Stopped by Justin Pogge with a rebound.
3:26 of 3rd period - Wrist shot by Patrice Cormier.
3:26 of 3rd period - Stopped by Justin Pogge without a rebound.
3:27 of 3rd period - Patrick O'Sullivan wins face-off versus Christian Hanson in Ice Dragons zone.
3:36 of 3rd period - Wrist shot by Alexander Radulov.
3:36 of 3rd period - Goal by Alexander Radulov - Ice Dragons : 3 - Patriotes : 2.
3:37 of 3rd period - Cory Emmerton wins face-off versus Patrick O'Sullivan in neutral zone.
3:43 of 3rd period - Minor Penalty to Jonathan Blum for High sticking.
3:44 of 3rd period - Shean Donovan wins face-off versus Cory Emmerton in Ice Dragons zone.
4:10 of 3rd period - Joe Callahan is hit by Dwight King and loses puck.
4:29 of 3rd period - Andreas Nodl is hit by Jeff Tambellini and loses puck.
5:43 of 3rd period - Penalty to Jonathan Blum is over, Jonathan Blum is back on ice.
5:52 of 3rd period - Snap shot by Jonathan Blum.
5:52 of 3rd period - Shot Misses the Net.
6:10 of 3rd period - Danny Syvret is hit by Zack Stortini and loses puck.
6:21 of 3rd period - Wrist shot by Jeff Tambellini.
6:21 of 3rd period - Stopped by Joey MacDonald with a rebound.
6:23 of 3rd period - Snap shot by Patrick O'Sullivan.
6:23 of 3rd period - Shot Misses the Net.
6:25 of 3rd period - Wrist shot by Alexander Radulov.
6:25 of 3rd period - Stopped by Joey MacDonald without a rebound.
6:26 of 3rd period - Patrice Cormier wins face-off versus Patrick O'Sullivan in Patriotes zone.
6:28 of 3rd period - Minor Penalty to Ryan Wilson for High sticking.
6:29 of 3rd period - Andreas Nodl wins face-off versus Patrick O'Sullivan in Patriotes zone.
6:37 of 3rd period - Wrist shot by Alexander Radulov.
6:37 of 3rd period - Stopped by Joey MacDonald with a rebound.
6:45 of 3rd period - Joe Callahan is hit by Tyler Myers and loses puck.
6:56 of 3rd period - Andreas Nodl is hit by Kris Beech and loses puck.
7:57 of 3rd period - Zack Stortini is hit by Oskar Osala.
8:04 of 3rd period - Icing by Cal Clutterbuck.
8:05 of 3rd period - Christian Hanson wins face-off versus Patrick O'Sullivan in Ice Dragons zone.
8:08 of 3rd period - Snap shot by Christian Hanson.
8:08 of 3rd period - Deflect By Liam Reddox.
8:08 of 3rd period - Stopped by Justin Pogge without a rebound.
8:09 of 3rd period - Patrick O'Sullivan wins face-off versus Christian Hanson in Ice Dragons zone.
8:28 of 3rd period - Penalty to Ryan Wilson is over, Ryan Wilson is back on ice.
8:52 of 3rd period - Minor Penalty to Tomas Kudelka for Cross-checking.
8:53 of 3rd period - Cory Emmerton wins face-off versus Shean Donovan in Ice Dragons zone.
9:05 of 3rd period - Wrist shot by Shean Donovan.
9:05 of 3rd period - Stopped by Joey MacDonald without a rebound.
9:06 of 3rd period - Cory Emmerton wins face-off versus Shean Donovan in Patriotes zone.
9:06 of 3rd period - Cory Emmerton is hit by Oskar Osala.
10:20 of 3rd period - Ryan Wilson is hit by Tyler Eckford and loses puck.
10:52 of 3rd period - Penalty to Tomas Kudelka is over, Tomas Kudelka is back on ice.
10:53 of 3rd period - Tyler Eckford is hit by Dwight King and loses puck.
11:26 of 3rd period - Wrist shot by Cal Clutterbuck.
11:26 of 3rd period - Shot Misses the Net.
12:26 of 3rd period - Snap shot by Cal Clutterbuck.
12:26 of 3rd period - Shot Blocked by Patrice Cormier.
13:49 of 3rd period - Patrice Cormier is hit by Bryan Bickell and loses puck.
14:08 of 3rd period - Wrist shot by Shean Donovan.
14:08 of 3rd period - Shot Blocked by Ryan Wilson.
15:54 of 3rd period - Wrist shot by Kris Beech.
15:54 of 3rd period - Deflect By Ryan Wilson.
15:54 of 3rd period - Stopped by Joey MacDonald with a rebound.
15:56 of 3rd period - Slapshot by Jonathan Blum.
15:56 of 3rd period - Deflect By Kris Beech.
15:56 of 3rd period - Shot Misses the Net.
15:56 of 3rd period - Puck is out of play.
15:57 of 3rd period - Kris Beech wins face-off versus Christian Hanson in Patriotes zone.
15:58 of 3rd period - Snap shot by Nigel Dawes.
15:58 of 3rd period - Stopped by Joey MacDonald with a rebound.
16:06 of 3rd period - Christian Hanson is hit by Kris Beech and loses puck.
16:37 of 3rd period - Minor Penalty to Andreas Nodl for Slashing.
16:38 of 3rd period - Patrick O'Sullivan wins face-off versus Zack Stortini in Patriotes zone.
16:43 of 3rd period - Wrist shot by Alexander Radulov.
16:43 of 3rd period - Deflect By Patrick O'Sullivan.
16:43 of 3rd period - Shot Misses the Net.
16:43 of 3rd period - Puck is out of play.
16:44 of 3rd period - Patrick O'Sullivan wins face-off versus Zack Stortini in Patriotes zone.
16:49 of 3rd period - Wrist shot by Patrick O'Sullivan.
16:49 of 3rd period - Stopped by Joey MacDonald with a rebound.
17:11 of 3rd period - Wrist shot by Oskar Osala.
17:11 of 3rd period - Deflect By Cal Clutterbuck.
17:11 of 3rd period - Stopped by Joey MacDonald with a rebound.
17:13 of 3rd period - Backhand shot by Cal Clutterbuck.
17:13 of 3rd period - Stopped by Joey MacDonald with a rebound.
18:37 of 3rd period - Penalty to Andreas Nodl is over, Andreas Nodl is back on ice.
18:50 of 3rd period - Liam Reddox is hit by Joe Callahan and loses puck.
19:05 of 3rd period - Patriotes, Joey MacDonald is pulled from the net.
19:13 of 3rd period - Mathieu Brodeur is hit by Danny Syvret and loses puck.
19:42 of 3rd period - Icing by Danny Syvret.
19:43 of 3rd period - Cory Emmerton wins face-off versus Kris Beech in Ice Dragons zone.
19:46 of 3rd period - Slapshot by Cory Emmerton.
19:46 of 3rd period - Shot Misses the Net.
Goals for this period are 1 for Ice Dragons vs 1 for Patriotes.
Shots for this period are 10 for Ice Dragons vs 8 for Patriotes.
Output by the SimonT Hockey Simulator (STHS) for François Prévost -- Original Page W3C XHTML 1.0 Valid